 Dungeon Crawl Stone Soup version 0.25-a0-803-g58bd18402a (webtiles) character file.

Game seed: 13261594142881905984, levelgen mode: deterministic

101128 Maedhros the Peltast (level 16, -8/103 HPs)
             Began as an Octopode Artificer on Apr 18, 2020.
             Was the Champion of Cheibriados.
             Shot with an arrow by a naga sharpshooter (19 damage)
             ... on level 3 of the Snake Pit on Apr 19, 2020.
             The game lasted 01:59:03 (13986 turns).

Maedhros the Peltast (Octopode Artificer)          Turns: 13986, Time: 01:59:04

Health: -8/103     AC:  1    Str: 35    XL:     16   Next: 29%
Magic:  1/20       EV: 27    Int: 37    God:    Cheibriados [******]
Gold:   255        SH: 23    Dex: 33    Spells: 7/23 levels left

rFire    + . .     SeeInvis .     - Unarmed
rCold    + . .     Gourm    .   e - +2 kite shield
rNeg     . . .     Faith    .   (helmet restricted)
rPois    +         Spirit   .   i - amulet of regeneration
rElec    +         Reflect  .   l - ring of poison resistance
rCorr    .         Harm     .   W - ring "Usku" {Ice Str+7}
MR       +++..     Rnd*Rage +   V - ring "Weijifa" {rElec MR+}
Stlth    ++++++....             J - ring "Woggostre" {rF+ MR+}
HPRegen  0.67/turn              (no ring)
MPRegen  0.17/turn              D - +3 ring of intelligence
                                X - ring of protection from fire
                                T - +6 ring of intelligence

@: lethally poisoned (-8 -> -8), very slow
A: almost no armour, stealthy swim, amphibious, 8 rings, constrict 8, tentacle
spike 1, large bone plates 1, camouflage 1, berserk 1, low mp 1, gelatinous body
1
a: Bend Time, Temporal Distortion, Slouch, Step From Time, Renounce Religion


You were on level 3 of the Snake Pit.
You worshipped Cheibriados.
Cheibriados was exalted by your worship.
You were very hungry.

You visited 5 branches of the dungeon, and saw 26 of its levels.

You collected 2728 gold pieces.
You spent 2473 gold pieces at shops.

Inventory:

Hand Weapons
 h - a +1 short sword of draining
Missiles
 b - 8 silver javelins
 c - 15 atropa-tipped darts
 k - 9 curare-tipped darts
 E - 5 throwing nets
Armour
 e - a +2 kite shield (worn)
 s - a +0 buckler
Magical Staves
 u - an uncursed staff of conjuration
Jewellery
 i - an amulet of regeneration (around mantle)
 l - a ring of poison resistance (left tentacle)
 p - the ring of the Lost Tales {Fire Str+4}
   (You bought it in a shop on level 2 of the Orcish Mines)

   [ring of fire]

   It enhances your fire magic.
   It affects your strength (+4).
   It protects you from fire.
   It makes you vulnerable to cold.
 z - an uncursed ring of resist corrosion
 C - an uncursed ring of positive energy
 D - a +3 ring of intelligence (on tentacle)
 J - the ring "Woggostre" (on tentacle) {rF+ MR+}
   (You bought it in a shop on level 1 of the Snake Pit)

   [ring of protection from fire]

   It protects you from fire.
   It affects your resistance to hostile enchantments.
 O - an uncursed amulet of the acrobat
 T - a +6 ring of intelligence (on tentacle)
 V - the ring "Weijifa" (on tentacle) {rElec MR+}
   (You bought it in a shop on level 2 of the Orcish Mines)

   [ring of protection from magic]

   It insulates you from electricity.
   It affects your resistance to hostile enchantments.
 W - the ring "Usku" (right tentacle) {Ice Str+7}
   (You bought it in a shop on level 2 of the Orcish Mines)

   [ring of ice]

   It enhances your ice magic.
   It affects your strength (+7).
   It makes you vulnerable to fire.
   It protects you from cold.
 X - a ring of protection from fire (on tentacle)
Wands
 d - a wand of clouds (6)
 F - a wand of iceblast (10)
 N - a wand of digging (14)
 R - a wand of paralysis (8)
 S - a wand of flame (7)
Scrolls
 g - a scroll of enchant armour
 j - a scroll of immolation
 o - 3 scrolls of fog
 t - 2 scrolls of magic mapping
 w - 5 scrolls of amnesia
 y - 4 scrolls of remove curse
 B - 6 scrolls of teleportation
 G - 3 scrolls of torment
 H - a scroll of fear
 I - 3 scrolls of enchant weapon
 K - a scroll of vulnerability
Potions
 m - a potion of resistance {unknown}
 n - a potion of flight {unknown}
 q - 4 potions of curing
 r - 2 potions of brilliance
 v - 5 potions of might
 x - a potion of degeneration {unknown}
 A - a potion of invisibility
 L - a potion of mutation
 M - a potion of lignification {unknown}
 Q - 2 potions of heal wounds
 U - a potion of magic
Miscellaneous
 a - a phial of floods
 P - a tin of tremorstones
Comestibles
 f - 21 rations (quivered)


   Skills:
 - Level 7.0 Fighting
 - Level 1.0 Short Blades
 - Level 11.0 Dodging
 - Level 10.0 Stealth
 - Level 15.0 Shields
 - Level 12.7 Unarmed Combat
 + Level 4.4 Spellcasting
 - Level 5.4 Charms
 - Level 6.3 Summonings
 + Level 4.4 Translocations
 - Level 3.6 Ice Magic
 + Level 4.4 Air Magic
 - Level 6.0 Invocations
 - Level 8.1 Evocations


You had 7 spell levels left.
You knew the following spells:

 Your Spells              Type           Power        Failure   Level  Hunger
a - Shroud of Golubria    Chrm/Tloc      #####.       1%          2    None
b - Song of Slaying       Chrm           #####...     1%          2    None
c - Ozocubu's Armour      Chrm/Ice       ######..     1%          3    None
d - Summon Lightning Spi  Summ/Air       #####...     4%          4    ###....
e - Summon Forest         Summ/Tloc      #####.....   12%         5    #####..

Your spell library contained the following spells:

 Spells                   Type           Power        Failure   Level  Hunger
 Infusion                 Chrm           ####         1%          1    None
 Corpse Rot               Necr/Air       N/A          2%          2    None
 Spectral Weapon          Hex/Chrm       ####....     3%          3    None
 Stone Arrow              Conj/Erth      #.....       12%         3    None
 Iskenderun's Battlesphe  Conj/Chrm      ####....     34%         5    #####..
 Silence                  Hex/Air        ###.......   41%         5    #####..
 Deflect Missiles         Chrm/Air       #####.....   61%         6    ######.
 Bolt of Magma            Conj/Fire/Erth #.........   71%         5    #####..
 Conjure Ball Lightning   Conj/Air       ###.......   94%         6    ######.
 Summon Hydra             Summ           ######....   94%         7    #######
 Eringya's Noxious Bog    Tmut/Pois      #.........   99%         6    ######.
 Hydra Form               Tmut           #.........   99%         6    ######.
 Iron Shot                Conj/Erth      #.........   99%         6    ######.
 Orb of Destruction       Conj           #.........   100%        7    #######
 Spellforged Servitor     Conj/Summ      ####......   100%        7    #######
 Tornado                  Air            #####.....   100%        9    #######


Dungeon Overview and Level Annotations

Branches:
Dungeon (14/15)            Temple (1/1) D:6            Lair (6/6) D:9
 Shoals (0/4) Lair:3        Snake (3/4) Lair:2        Slime (0/5) Lair:6
    Orc (2/2) D:10            Elf (0/3) Orc:2
 Vaults: D:13-14

Altars:
Ashenzari
Cheibriados
Dithmenos
Elyvilon
Gozag
Hepliaklqana
Kikubaaqudgha
Makhleb
Nemelex Xobeh
Okawaru
Qazlal
Ru
Sif Muna
Trog
Uskayaw
Vehumet
Wu Jian
Xom
Zin
The Shining One
Beogh
Jiyva

Shops:
D:10 *   Orc:2 (=[[   Snake:1 ==}

Portals:
Bazaar: Snake:3
Trove: D:11 (show slimy rune of Zot)

Annotations:
D:13 exclusion: hydra
D:14 15 runed doors
Snake:3 Saint Roka


Innate Abilities, Weirdness & Mutations

You cannot wear most types of armour.
You are very stealthy in the water. (Stealth+)
You are amphibious.
You can wear up to eight rings at the same time.
You can use your tentacles to constrict eight enemies at once.
Your skin changes colour to match your surroundings (Stealth+).
Your rubbery body absorbs attacks. (AC +1, EV +1)
One of your tentacles bears a spike.
You are partially covered in large bone plates. (SH +4)
You tend to lose your temper in combat.
Your magical capacity is low. (-10% MP)


Message History

Okay, then.
Evoke which item? (* to show all) (? for menu, Esc to quit)
Okay, then.
Okay, then.
Okay, then.
Press: ? - help, v - describe, . - travel
Here: an orc wizard, wielding a +0 dagger and wearing a +0 robe (freezing vapour, heavily wounded) Some shallow water.
You are engulfed in freezing vapours.
You resist.
* * * LOW HITPOINT WARNING * * *
The orc wizard is engulfed in freezing vapours.
The orc wizard splashes around in the water.
The orc wizard is engulfed in freezing vapours.
The orc wizard dies!
You hear a splash. x2
Saint Roka the Messiah comes into view.
They are wielding a +0 vorpal war axe.
The naga sharpshooter unwields a +0 halberd.
The naga sharpshooter wields a +0 shortbow.
The naga sharpshooter shoots an arrow.
The arrow hits you!!
You die...

,,***,,,,o)....,,,..#**,,,,,,,,,,
,,,,,,,,..o....,*,.(# **,,,,,,,,,
,,,,,,,,.o.N...**,..###.,,,,,,,,,
,,,,,,,,....°.°###..#...,,,,,*,,,
,,,,,,,,..).°☼☼°°○○)....,,,,,,,,,
,,,,,,,,....°[○°○○☼○.............
,,,,,,,,....°○○°○°○#.............
,,,,,,,,..°T○.○○☼.##.............
,*,,,,,,.N.....☼@###.............
*****,**##.###>...°#..)..........
*** *** ##..°............$#*
#.#..............#*
###..........)..##
#..............)♣##
#.............)..<#
#..............##♣#
#..........>....#


You could see Saint Roka (wandering), a naga sharpshooter, a troll, an orc
warrior (wandering) and a naga.

Vanquished Creatures
  3 orc warlords
  Azrael (D:12)
  A fire dragon (Lair:6)
  Josephine (Lair:4)
  Harold (Orc:1)
  2 naga warriors (Snake:1)
  3 hydras
  8 anacondas
  A two-headed ogre (Orc:2)
  A centaur warrior (D:10)
  3 shock serpents (Snake:2)
  10 death yaks
  8 naga sharpshooters
  8 orc high priests (Orc:2)
  A fire crab (shapeshifter) (D:13)
  A salamander mystic (Snake:2)
  6 naga ritualists
  A lindwurm (Lair:6)
  8 orc knights
  A wolf spider zombie (D:14)
  2 ugly things (D:11)
  A cyclops (D:12)
  4 mana vipers
  4 salamanders
  2 orc sorcerers
  A centaur zombie (D:11)
  3 molten gargoyles (Lair:6)
  4 naga magi
  2 torpor snails
  Psyche (D:12)
  31 black mambas
  A gargoyle (D:12)
  2 centaur skeletons
  8 spiny frogs
  2 rime drakes (Lair:4)
  11 komodo dragons
  9 trolls
  A polar bear (Lair:3)
  A tengu conjurer (D:10)
  4 hippogriffs
  3 blink frogs (Lair:5)
  7 dream sheep (Lair:6)
  A spriggan (Lair:6)
  5 wraiths
  5 wyverns
  A basilisk (Lair:2)
  6 fire elementals (D:12)
  3 steam dragons
  48 yaks
  6 vampire mosquitoes
  Menkaure (D:5)
  A hungry ghost (D:10)
  16 wargs
  8 centaurs
  10 nagas
  A soldier ant (D:13)
  An acid dragon (D:13)
  Duvessa (D:5)
  12 porcupines
  18 water moccasins
  5 hell hounds
  A hornet zombie (D:10)
  A sky beast (D:8)
  41 orc warriors
  5 ice beasts
  4 phantoms
  An eye of draining (D:12)
  A necrophage (D:5)
  16 ogres
  13 crocodiles
  A big kobold (D:8)
  16 bullfrogs
  4 gnoll sergeants
  4 scorpions
  8 killer bees
  5 wights (D:10)
  4 howler monkeys
  5 electric eels
  9 lava snakes
  6 crimson imps
  A quasit (D:8)
  4 jellies
  2 hounds
  43 orc priests
  An iron imp (D:5)
  2 bullfrog skeletons
  Terence (D:2)
  8 iguanas
  19 orc wizards
  9 worker ants
  A hound skeleton (D:10)
  18 gnolls
  A howler monkey skeleton (D:6)
  A worker ant zombie (D:5)
  18 adders
  2 shadow imps
  An ooze (D:3)
  2 adder zombies
  2 adder skeletons (D:8)
  4 worms
  5 leopard geckos
  124 orcs
  7 ball pythons
  5 giant cockroaches
  4 hobgoblins
  8 jackals
  9 kobolds
  2 quokkas
  5 bats
  5 frilled lizards
  11 goblins
  A goblin zombie (D:5)
  2 hobgoblin zombies (D:5)
  A kobold zombie (D:5)
  An orc skeleton (D:5)
  An orc zombie (D:5)
  6 rats
  12 plants
816 creatures vanquished.

Vanquished Creatures (collateral kills)
  A naga sharpshooter (Snake:2)
  A mana viper (Snake:2)
  A guardian serpent (Snake:1)
  3 black mambas (Snake:2)
  4 nagas
  A centaur (D:6)
  2 killer bees (D:6)
  An orc wizard (D:5)
  A gnoll (D:6)
  2 orcs (D:5)
  A kobold (D:3)
18 creatures vanquished.

Vanquished Creatures (others)
  A yak (D:11)
  A naga (Snake:3)
  An orc warrior (Snake:3)
  An ice beast (D:5)
  A centaur (D:8)
  Dowan (D:5)
  2 orc wizards
  2 orcs (D:12)
  3 fungi (Lair:4)
  6 plants
  A snaplasher vine (Snake:3)
20 creatures vanquished.

Grand Total: 854 creatures vanquished

Notes
Turn   | Place    | Note
-------+----------+-------------------------------------------
     0 | D:1      | Maedhros the Octopode Artificer began the quest for the
                  | Orb.
     0 | D:1      | Reached XP level 1. HP: 13/13 MP: 3/3
   114 | D:2      | Reached skill level 1 in Unarmed Combat
   114 | D:2      | Reached XP level 2. HP: 14/18 MP: 4/4
   169 | D:2      | Found an ancient bone altar of Kikubaaqudgha.
   169 | D:2      | Found a glowing silver altar of Zin.
   172 | D:2      | Found an ornate altar of the Wu Jian Council.
   283 | D:3      | Found a sparkling altar of Nemelex Xobeh.
   347 | D:4      | Reached XP level 3. HP: 18/23 MP: 5/5
   442 | D:4      | Reached XP level 4. HP: 28/28 MP: 6/6
   452 | D:5      | Entered Level 5 of the Dungeon
   473 | D:5      | Noticed Menkaure
   513 | D:5      | Noticed Duvessa
   530 | D:5      | Noticed Dowan
   914 | D:5      | Noticed an ice beast
   932 | D:5      | Noticed a necrophage
   958 | D:5      | Reached XP level 5. HP: 28/33 MP: 8/8
   959 | D:5      | Killed a necrophage
   979 | D:5      | Killed Duvessa
   979 | D:5      | Reached XP level 6. HP: 32/38 MP: 9/9
   995 | D:5      | Your ally died
  1003 | D:5      | Killed Menkaure
  1038 | D:5      | Found a glowing golden altar of the Shining One.
  1058 | D:5      | Reached skill level 5 in Evocations
  1151 | D:5      | Noticed an ice beast
  1158 | D:5      | Killed an ice beast
  1158 | D:5      | Reached skill level 5 in Stealth
  1158 | D:5      | Reached skill level 5 in Unarmed Combat
  1158 | D:5      | Reached XP level 7. HP: 43/43 MP: 10/10
  1299 | D:6      | Killed a centaur
  1438 | D:6      | Reached XP level 8. HP: 48/48 MP: 12/12
  1510 | D:6      | Found a staircase to the Ecumenical Temple.
  1522 | Temple   | Entered the Ecumenical Temple
  1533 | Temple   | Became a worshipper of Cheibriados the Contemplative
  1870 | D:2      | Noticed Terence
  1881 | D:2      | Killed Terence
  2004 | D:1      | Reached * piety under Cheibriados
  2861 | D:6      | Reached ** piety under Cheibriados
  2861 | D:6      | Reached skill level 1 in Shields
  3017 | D:6      | Reached skill level 2 in Shields
  3341 | D:7      | Noticed a hippogriff
  3351 | D:7      | Killed a hippogriff
  3351 | D:7      | Reached XP level 9. HP: 27/53 MP: 12/14
  3554 | D:8      | Reached skill level 3 in Shields
  3583 | D:8      | Reached *** piety under Cheibriados
  3653 | D:8      | Found a hide-covered altar of Uskayaw.
  3726 | D:8      | Gained mutation: You tend to lose your temper in combat.
                  | [potion of mutation]
  3726 | D:8      | Gained mutation: You passively map a small area around you.
                  | [potion of mutation]
  3737 | D:8      | Reached skill level 4 in Shields
  3773 | D:8      | Reached XP level 10. HP: 42/58 MP: 15/15
  3781 | D:8      | Reached **** piety under Cheibriados
  4121 | D:9      | Noticed a death yak
  4122 | D:9      | Noticed a death yak
  4169 | D:9      | Learned a level 2 spell: Shroud of Golubria
  4172 | D:9      | Learned a level 2 spell: Song of Slaying
  4176 | D:9      | Learned a level 3 spell: Ozocubu's Armour
  4192 | D:9      | Lost mutation: You tend to lose your temper in combat.
                  | [potion of mutation]
  4192 | D:9      | Lost mutation: You passively map a small area around you.
                  | [potion of mutation]
  4192 | D:9      | Gained mutation: One of your tentacles bears a spike.
                  | [potion of mutation]
  4192 | D:9      | Gained mutation: You are weak. (Str -2) [potion of
                  | mutation]
  4192 | D:9      | Gained mutation: You evolve. [potion of mutation]
  4194 | D:9      | Found an iron altar of Okawaru.
  4223 | D:9      | Reached skill level 5 in Shields
  4328 | D:9      | Found an opulent altar of Gozag.
  4344 | D:9      | Reached skill level 1 in Invocations
  4374 | D:9      | Reached ***** piety under Cheibriados
  4391 | D:9      | Gained mutation: You are partially covered in large bone
                  | plates. (SH +4) [evolution]
  4421 | D:9      | Reached skill level 1 in Charms
  4481 | D:9      | Noticed a death yak
  4542 | D:9      | Reached skill level 10 in Stealth
  4640 | D:10     | Entered Level 10 of the Dungeon
  4687 | D:10     | Reached skill level 10 in Unarmed Combat
  4817 | D:10     | Found Guguf's General Store.
  4839 | D:10     | Bought a scroll of fear for 56 gold pieces
  5025 | D:10     | Noticed a centaur warrior
  5091 | D:11     | Reached XP level 11. HP: 63/63 MP: 17/17
  5130 | D:11     | Reached skill level 6 in Shields
  5153 | D:11     | Found a portal to a secret trove of treasure.
  5394 | D:11     | Noticed a cyan ugly thing
  5402 | D:11     | Killed a cyan ugly thing
  5455 | D:11     | Reached skill level 1 in Ice Magic
  5563 | D:11     | Noticed a green ugly thing
  5570 | D:11     | Killed a green ugly thing
  5806 | D:12     | Noticed Psyche
  5809 | D:12     | Killed Psyche
  5809 | D:12     | Reached skill level 5 in Invocations
  5883 | D:12     | Noticed a cyclops
  5891 | D:12     | Killed a cyclops
  5891 | D:12     | Reached skill level 7 in Shields
  6083 | D:13     | Noticed a manticore
  6167 | D:12     | Noticed Azrael
  6176 | D:12     | Killed Azrael
  6176 | D:12     | Reached skill level 5 in Charms
  6176 | D:12     | Reached XP level 12. HP: 74/74 MP: 18/18
  6348 | D:13     | Lost mutation: You are weak. (Str -2) [evolution]
  6416 | D:13     | Reached skill level 5 in Dodging
  6463 | D:13     | Noticed a five-headed hydra
  6726 | D:14     | Reached ****** piety under Cheibriados
  6752 | D:14     | Found a huge runed gate.
  6752 | D:14     | Found a huge runed gate.
  6752 | D:14     | Found a huge runed gate.
  6752 | D:14     | Found a huge runed gate.
  6752 | D:14     | Found a huge runed gate.
  6752 | D:14     | Found a huge runed gate.
  6753 | D:14     | Found a huge runed gate.
  6753 | D:14     | Found a huge runed gate.
  6754 | D:14     | Found a huge runed gate.
  6755 | D:14     | Found a huge runed gate.
  6756 | D:14     | Found a huge runed gate.
  6774 | D:14     | Found a huge runed gate.
  6799 | D:14     | Reached skill level 8 in Shields
  6822 | D:14     | Found a huge runed gate.
  6822 | D:14     | Found a huge runed gate.
  6823 | D:14     | Found a huge runed gate.
  7028 | D:10     | Found a roughly hewn altar of Beogh.
  7041 | D:10     | Found a staircase to the Orcish Mines.
  7044 | D:10     | Reached skill level 5 in Fighting
  7108 | D:10     | Killed a centaur warrior
  7266 | Orc:1    | Entered Level 1 of the Orcish Mines
  7419 | Orc:2    | Entered Level 2 of the Orcish Mines
  7419 | Orc:2    | Noticed an orc high priest
  7419 | Orc:2    | Noticed a two-headed ogre
  7449 | D:9      | Noticed a death yak
  7458 | D:9      | Killed a death yak
  7465 | D:9      | Reached skill level 9 in Shields
  7477 | D:9      | Found a staircase to the Lair.
  7498 | D:9      | Killed a death yak
  7501 | D:9      | Noticed a death yak
  7506 | D:9      | Killed a death yak
  7508 | D:9      | Noticed a death yak
  7510 | D:9      | Killed a death yak
  7517 | D:9      | Killed a death yak
  7525 | D:9      | Killed a death yak
  7589 | Lair:1   | Entered Level 1 of the Lair of Beasts
  7604 | Lair:1   | Reached XP level 13. HP: 84/84 MP: 19/19
  7668 | Lair:1   | Reached skill level 10 in Shields
  8213 | Lair:2   | Found a staircase to the Snake Pit.
  8252 | Lair:2   | Reached skill level 11 in Shields
  8454 | Lair:3   | Found a staircase to the Shoals.
  8494 | Lair:3   | Gained mutation: Your magical capacity is low. (-10% MP)
                  | [evolution]
  8924 | Lair:4   | Noticed Josephine
  8940 | Lair:4   | Killed Josephine
  9182 | Lair:4   | Reached skill level 12 in Shields
  9449 | Lair:5   | Reached XP level 14. HP: 89/92 MP: 1/18
  9595 | Lair:5   | Gained mutation: You tend to lose your temper in combat.
                  | [evolution]
  9595 | Lair:5   | Lost mutation: You evolve. [end of evolution]
  9598 | Lair:5   | Found a snail-covered altar of Cheibriados.
  9673 | Lair:6   | Entered Level 6 of the Lair of Beasts
  9751 | Lair:6   | Reached skill level 13 in Shields
 10031 | Lair:6   | Found a staircase to the Slime Pits.
 10031 | Lair:6   | Found a viscous altar of Jiyva.
 10530 | Orc:2    | Reached skill level 10 in Dodging
 10707 | Orc:2    | Found a roughly hewn altar of Beogh.
 10786 | Orc:2    | Reached skill level 14 in Shields
 10796 | Orc:2    | Found Zyec's Antique Weapon Emporium.
 10825 | Orc:2    | Found Eteyduaf's Jewellery Shop.
 10854 | Orc:2    | Found a roughly hewn altar of Beogh.
 10882 | Orc:2    | Found Ejeoj's Antique Armour Emporium.
 10882 | Orc:2    | Found Taipsud's Antique Armour Shop.
 11079 | Orc:2    | Noticed an orc warlord
 11098 | Orc:2    | Killed an orc warlord
 11238 | Orc:2    | Noticed an orc warlord
 11260 | Orc:2    | Killed an orc warlord
 11260 | Orc:2    | Reached skill level 15 in Shields
 11402 | Orc:2    | Learned a level 4 spell: Summon Lightning Spire
 11471 | Orc:2    | Bought the ring "Weijifa" {rElec MR+} for 429 gold pieces
 11471 | Orc:2    | Bought the ring "Usku" {Ice Str+7} for 513 gold pieces
 11471 | Orc:2    | Bought an uncursed ring of protection from fire for 275
                  | gold pieces
 11477 | Orc:2    | Bought the ring of the Lost Tales {Fire Str+4} for 444 gold
                  | pieces
 11522 | Orc:2    | Found a staircase to the Elven Halls.
 11539 | Orc:2    | Reached XP level 15. HP: 97/97 MP: 19/19
 11625 | Orc:1    | Reached skill level 1 in Summonings
 11657 | Orc:1    | You fall into a shaft and drop 1 floor!
 11904 | Orc:1    | Noticed Harold
 11920 | Orc:1    | Killed Harold
 11946 | Orc:1    | Upgraded the game from 0.25-a0-786-g5b70d41e48 to
                  | 0.25-a0-803-g58bd18402a
 12048 | Orc:1    | Noticed an orc warlord
 12145 | Orc:1    | Killed an orc warlord
 12398 | Lair:4   | Reached skill level 1 in Spellcasting
 12432 | Lair:5   | Learned a level 5 spell: Summon Forest
 12629 | Lair:6   | Reached skill level 1 in Translocations
 12629 | Lair:6   | Reached skill level 1 in Air Magic
 12651 | Lair:6   | Found a large runed translucent door.
 12652 | Lair:6   | Found a large runed translucent door.
 12896 | Snake:1  | Entered Level 1 of the Snake Pit
 13221 | Snake:1  | Found Ownush's Gadget Shop.
 13221 | Snake:1  | Found Kurhidee's Jewellery Shoppe.
 13234 | Snake:1  | Found Ulecru's Jewellery Shoppe.
 13247 | Snake:1  | Bought the ring "Woggostre" {rF+ MR+} for 564 gold pieces
 13254 | Snake:1  | Bought a wand of iceblast (8) for 192 gold pieces
 13428 | Snake:1  | Reached skill level 5 in Summonings
 13668 | Snake:2  | Reached XP level 16. HP: 65/103 MP: 9/19
 13973 | Snake:3  | Found a flickering gateway to a bazaar.
 13986 | Snake:3  | Noticed Saint Roka
 13986 | Snake:3  | Shot with an arrow by a naga sharpshooter

Levels and vault maps discovered:
D:1:      lemuel_arrival_hallway, layout_basic, minmay_indecisive_spiral
D:2:      layout_basic, nicolae_overflow_hidden_temple, feat_on_display,
          uniq_terence
D:3:      layout_basic, lemuel_doored_altar, first_ration
D:4:      minmay_door_path, layout_loops_ring
D:5:      layout_cave_pools, nicolae_tso_besieged_by_evil, uniq_duvessa,
          uniq_menkaure, uniq_crazy_yiuf_cottage
D:6:      layout_rooms, minmay_temple_entry_overgrown, minmay_misc_feat_cross,
          chequers_serial_rivers_micro_e, minmay_manual_mares
D:7:      layout_basic
D:8:      layout_rooms, marbit_many_paths
D:9:      layout_irregular_city, okawaru_trees_1, dpeg_lair_monsters,
          grunt_gozag_statues
D:10:     layout_roguey, david_orc_5, serial_shops, shop_fountains,
          grunt_tengu_nest, minmay_diamond_spiral
D:11:     minmay_angry_zag, layout_layer_cave, enter_trove_0
D:12:     layout_basic, uniq_psyche, uniq_azrael
D:13:     layout_roguey
D:14:     layout_long_grid, david_vaults_2, nicolae_ru_path_of_blood,
          not_door_vault_due
Temple:   lightli_temple_of_artemis
Lair:1:   layout_layer_cave, beast_lair_carwin_9
Lair:2:   layout_gridlike, minmay_snake_entry_six_corridors, grunt_megastairs_4
Lair:3:   layout_regular_city, minmay_shoals_entry_beasts,
          chequers_serial_rivers_micro_c, lemuel_fruit_tree
Lair:4:   layout_roguey, serial_bayou, serial_bayou_pond_d, serial_bayou_pond_d,
          serial_bayou_crossing, serial_bayou_lagoon_b, minivault_11,
          uniq_josephine
Lair:5:   layout_regular_city, minmay_holes, kennysheep_snail_temple
Lair:6:   cheibrodos_lair_end_hotspot, layout_regular_city, slime_altar_1,
          wad_woods_03
Snake:1:  layout_onion_interference, nicolae_snake_lava_pool, minmay_shop_grove
Snake:2:  layout_rooms
Snake:3:  layout_cave_shapes, serial_shops, freezing_bzr,
          nrook_guardian_serpent_double, uniq_saint_roka, uniq_vashnia
Orc:1:    cheibrodos_orc_arena, layout_caves, nooodl_orcs_dogs, uniq_harold
Orc:2:    st_orc_town, layout_caves, basic_altar, minmay_orc_treasury

Skill      XL: |  1  2  3  4  5  6  7  8  9 10 11 12 13 14 15 16 |
---------------+-------------------------------------------------+-----
Unarmed Combat | 1 2 3 4 5 6 7 9 10 12 | 12.7
Stealth        | 2 3 4 5 6 7 9 10 | 10.0
Evocations     | 4 5 6 7 8 |  8.1
Shields        | 2 4 5 7 9 12 15 | 15.0
Invocations    | 3 5 6 |  6.0
Charms         | 3 5 |  5.4
Fighting       | 4 6 7 |  7.0
Dodging        | 4 6 9 10 11 | 11.0
Ice Magic      | 3 |  3.6
Summonings     | 5 6 |  6.3
Spellcasting   | 3 4 |  4.4
Translocations | 3 4 |  4.4
Air Magic      | 3 4 |  4.4
Short Blades   | |  1.0

Action                   |  1- 3 |  4- 6 |  7- 9 | 10-12 | 13-15 | 16-18 || total
-------------------------+-------+-------+-------+-------+-------+-------++-------
Melee: Short sword       |    34 |    42 |    58 |       |       |       ||   134
       Constrict         |    10 |    14 |    57 |    87 |   169 |     7 ||   344
       Tentacles         |     6 |    13 |    57 |   175 |   386 |    20 ||   657
       Punch             |       |     1 |    22 |    75 |   156 |     9 ||   263
       Unarmed           |       |       |   203 |   440 |   937 |    62 ||  1642
       Kick              |       |       |       |   246 |   636 |    37 ||   919
 Cast: Ozocubu's Armour  |       |       |       |     7 |    12 |       ||    19
       Song of Slaying   |       |       |       |     4 |     5 |       ||     9
       Shroud of Golubri |       |       |       |     1 |       |       ||     1
       Summon Lightning  |       |       |       |       |    15 |     2 ||    17
       Summon Forest     |       |       |       |       |     2 |     2 ||     4
Invok: Slouch            |       |       |       |     5 |    21 |     3 ||    29
       Temporal Distorti |       |       |       |     2 |     2 |     1 ||     5
Evoke: Wand              |     1 |    23 |     5 |    32 |    30 |       ||    91
       Phial of floods   |       |       |       |     1 |     1 |       ||     2
  Use: Potion            |       |     1 |     6 |     5 |     3 |     1 ||    16
       Scroll            |       |       |     9 |     3 |     9 |     3 ||    24
 Stab: Sleeping          |     4 |     2 |    20 |    28 |    28 |     3 ||    85
       Distracted        |       |       |     3 |     1 |    12 |       ||    16
       Invisible         |       |       |     9 |     3 |       |       ||    12
       Paralysed         |       |       |       |    11 |    12 |       ||    23
  Eat: Chunk             |       |       |     7 |     4 |     8 |       ||    19
       Ration            |       |       |       |     2 |     5 |       ||     7
Armor: Skin              |     4 |     2 |    22 |    20 |     7 |     1 ||    56
Dodge: Dodged            |    21 |    24 |   142 |   133 |   299 |    24 ||   643
Block: Buckler           |       |       |    56 |   183 |    56 |       ||   295
       Kite shield       |       |       |       |       |   645 |    85 ||   730

Table legend:
 A = Non-vault XP
 B = Vault XP
 C = Vault XP percentage of total XP
 D = Non-vault monster count
 E = Vault monster count
 F = Vault count percentage of total count
                 A         B        C        D         E       F
            +---------+---------+-------+---------+---------+-------
      Total |   94786 |   49683 |  34.4 |     552 |     272 |  33.0
            +---------+---------+-------+---------+---------+-------
        D:1 |      41 |       5 |  10.9 |      23 |       4 |  14.8
        D:2 |      51 |      36 |  41.4 |      15 |       1 |   6.2
        D:3 |      45 |       0 |   0.0 |      12 |       0 |   0.0
        D:4 |      64 |       0 |   0.0 |       7 |       0 |   0.0
        D:5 |     301 |     318 |  51.4 |      15 |       9 |  37.5
        D:6 |     836 |     231 |  21.6 |      20 |       2 |   9.1
        D:7 |     640 |       0 |   0.0 |      11 |       0 |   0.0
        D:8 |    3147 |      32 |   1.0 |      50 |       1 |   2.0
        D:9 |    1257 |    5159 |  80.4 |      16 |       6 |  27.3
       D:10 |    2100 |    2613 |  55.4 |      22 |      28 |  56.0
       D:11 |    4892 |     312 |   6.0 |      38 |       4 |   9.5
       D:12 |    2549 |    3114 |  55.0 |      19 |      10 |  34.5
       D:13 |    1634 |       0 |   0.0 |       7 |       0 |   0.0
       D:14 |    1350 |       0 |   0.0 |      11 |       0 |   0.0
     Lair:1 |    5325 |     677 |  11.3 |      26 |       5 |  16.1
     Lair:2 |     784 |    2065 |  72.5 |       7 |      14 |  66.7
     Lair:3 |    1026 |       0 |   0.0 |       5 |       0 |   0.0
     Lair:4 |    6002 |    1684 |  21.9 |      28 |       4 |  12.5
     Lair:5 |    7130 |     445 |   5.9 |      16 |       1 |   5.9
     Lair:6 |    7161 |    8954 |  55.6 |      31 |      29 |  48.3
    Snake:1 |   12094 |    1208 |   9.1 |      30 |      14 |  31.8
    Snake:2 |   22038 |       0 |   0.0 |      40 |       0 |   0.0
    Snake:3 |    4664 |     137 |   2.9 |      13 |       5 |  27.8
      Orc:1 |    5629 |    5242 |  48.2 |      51 |      27 |  34.6
      Orc:2 |    4026 |   17451 |  81.3 |      39 |     108 |  73.5
            +---------+---------+-------+---------+---------+-------
